[Event "*** Titled Tuesday 3|2 Blitz"]
[Site "Chess.com"]
[Date "2015.10.06"]
[Round "6"]
[White "Arashy_CC"]
[Black "Schemato"]
[Result "1-0"]
[WhiteElo "2364"]
[BlackElo "2183"]
[TimeControl "180+2"]
[EndTime "12:11:50 PDT"]
[Termination "Arashy_CC won by checkmate"]

1. c4 g6 2. d4 Nf6 3. Nc3 Bg7 4.
e4 d6 5. Bg5 h6 6. Be3 O-O 7. Be2 e5 8. d5 a5 9. h4 Na6 10. h5 g5 11. f3 g4 12. fxg4 Nc5 13. g5 Nfxe4 14. gxh6 Bf6 15. Nf3 Bg4 16. Qc2 Bxf3 17.
Bxf3 Bh4+ 18. g3 Bxg3+ 19. Ke2 Nxc3+ 20. Qxc3 Bf4 21. Rag1+ Kh7 22. Bxf4 exf4 23. Qg7# 1-0

[Event "*** Titled Tuesday 3|2 Blitz"]
[Site "Chess.com"]
[Date "2015.10.06"]
[Round "6"]
[White "AleksandrNevski"]
[Black "GeorgMeier"]
[Result "0-1"]
[WhiteElo "2432"]
[BlackElo "2613"]
[TimeControl "180+2"]
[EndTime "12:12:00 PDT"]
[Termination "GeorgMeier won by resignation"]

1. c4 e6 2. Nf3 d5 3. b3 Nf6 4.
Bb2 Be7 5. g3 O-O 6. Bg2 c5 7.
e3 Nc6 8. O-O b6 9. Nc3 Ba6 10. d3 Qd7 11. Qe2 Rad8 12. Rfd1 Rfe8 13. Nb5 h6 14. e4 Bf8 15. Bxf6 gxf6 16. Bh3 dxe4 17.
dxe4 Qe7 18. Rac1 Bb7 19. Qe3 Rd7 20. Bg2 Red8 21. Rxd7 Rxd7 22. e5 fxe5 23. Nxe5 Nxe5 24. Bxb7 Bg7 25. Bg2 Qd8 26. Bf1 Rd2 27. Nc3 Ng4 0-1

[Event "*** Titled Tuesday 3|2 Blitz"]
[Site "Chess.com"]
[Date "2015.10.06"]
[Round "6"]
[White "jup1978"]
[Black "jcibarra"]
[Result "0-1"]
[WhiteElo "2304"]
[BlackElo "2497"]
[TimeControl "180+2"]
[EndTime "12:12:34 PDT"]
[Termination "jcibarra won by resignation"]

1. e4 c5 2. Nf3 e6 3. c3 Nf6 4. e5 Nd5 5. g3 d6 6. exd6 Bxd6 7. Bg2 e5 8. O-O O-O 9. d4 cxd4 10. cxd4 e4 11. Ne5 f5 12. Nc4 Bc7 13. Nc3 Nc6 14. Nb5 Bb8 15. Ne3 Be6 16.
Nxd5 Qxd5 17. Nc3 Qxd4 18. Be3 Qxd1 19. Rfxd1 Be5 20. a3 Rad8 21. Kf1 Bc4+ 22. Ke1 Nd4 23. Rd2 Nb3 24. Rxd8 Rxd8 25. Rd1 Rxd1+ 26. Kxd1 b6 27.
Kc2 Nd4+ 28. Kd2 Kf7 29. f4 exf3 30. Bxd4 fxg2 31. Bg1 f4 32. Ne4 fxg3 33. hxg3 Bd5 34.
Ke3 Bxe4 35. Kxe4 Bxg3 36. Kf3 Be5 37. b3 Ke6 38. Kxg2 Kf5 39. Kf3 g5 40. a4 g4+ 41. Kg2 h5 42. a5 bxa5 43. Bxa7 h4 44.
Bb6 h3+ 45. Kh1 g3 46. Bc5 Ke4 47. b4 Kf3 48. Bf2 g2+ 0-1

[Event "*** Titled Tuesday 3|2 Blitz"]
[Site "Chess.com"]
[Date "2015.10.06"]
[Round "6"]
[White "Ginger_GM"]
[Black "Ar4uha"]
[Result "1-0"]
[WhiteElo "2458"]
[BlackElo "2396"]
[TimeControl "180+2"]
[EndTime "12:13:19 PDT"]
[Termination "Ginger_GM won by resignation"]

1. d4 Nf6 2. c4 e6 3. Nf3 c5 4. d5 exd5 5. cxd5 d6 6. Nc3 g6 7. Bf4 Bg7 8. e3 O-O 9. h3 a6 10. a4 Ne8 11. Be2 Nd7 12. O-O Qe7 13. a5 Rb8 14. Na4 Ne5 15. Nd2 Nc7 16. Nb6 Na8 17. Nbc4 b5 18. axb6 Nxb6 19. Bxe5 Bxe5 20. Nxb6 Rxb6 21.
Nc4 Rb4 22. Ra4 Rb8 23. b3 Bg7 24. Na5 Qc7 25. Qc2 Bd7 26. Ra2 Bb5 27. Bxb5 Rxb5 28. Nc4 Rfb8 29. Rxa6 Rxb3 30. Rc6 Qe7 31. Nxd6 Rc3 32.
Qa2 h5 33. Nc4 Qe4 34. Nd6 Qd3 35. Qa7 Rf8 36. Rxc5 Ra3 37. Qe7 Rb8 38. Qxf7+ Kh7 39. Rc7 1-0

[Event "*** Titled Tuesday 3|2 Blitz"]
[Site "Chess.com"]
[Date "2015.10.06"]
[Round "6"]
[White "jefferyx"]
[Black "AndreyOstrovskiy"]
[Result "1-0"]
[WhiteElo "2523"]
[BlackElo "2367"]
[TimeControl "180+2"]
[EndTime "12:13:31 PDT"]
[Termination "jefferyx won by resignation"]

1. b4 d5 2. e3 e6 3. Bb2 Nf6 4. a3 a5 5. b5 c5 6. g4 h6 7. h4 d4 8. Rh3 e5 9. Rg3 Ne4 10.
Rg2 Be6 11. Nf3 Nd7 12. Qe2 Bd5 13. d3 Nd6 14. exd4 cxd4 15. Nxe5 Qe7 16. Nxd7 Kxd7 17. Qxe7+ Bxe7 18. Rg3 Bxh4 19. Rh3 Rhe8+ 20. Kd1 Bxf2 21.
Be2 a4 22. Rh5 g5 23. Nd2 Nxb5 24. Rxh6 Rh8 25. Rf6 Rh1+ 26. Nf1 Be3 27. Rf5 Ke6 28. Rxd5 Rxf1+ 29. Bxf1 Kxd5 30. Bg2+ Kc5 31. Ke2 Rh8 32. Rf1 Rh2 33. Rf5+ Kb6 34. Kf1 Nc3 35. Rxf7 Nd1 36. Rxb7+ Kc5 37. Rb4 Rh8 38. Rc4+ Kd6 39. Bxd4 Bxd4 40. Rxd4+ Ke5 41. Re4+ Kf6 42. Ke1 Nc3 43.
Rc4 Rh2 44. Kf2 Nd1+ 45. Kg3 1-0

[Event "*** Titled Tuesday 3|2 Blitz"]
[Site "Chess.com"]
[Date "2015.10.06"]
[Round "6"]
[White "rikyshi"]
[Black "Carolina-moon"]
[Result "0-1"]
[WhiteElo "2125"]
[BlackElo "2047"]
[TimeControl "180+2"]
[EndTime "12:13:43 PDT"]
[Termination "Carolina-moon won by checkmate"]

1. e4 c5 2. Nf3 d6 3. d4 cxd4 4. Nxd4 Nf6 5. Nc3 a6 6. a4 e5 7. Nb3 Nc6 8. Be2 Be6 9. O-O Be7 10. Be3 O-O 11. f4 exf4 12. Rxf4 Ne5 13. Nd5 Rc8 14.
Nxe7+ Qxe7 15. Nd4 Rfd8 16. Qe1 Ng6 17. Rf1 Nxe4 18. Bd3 Nc5 19. Bf5 Re8 20. b4 Nd7 21.
Qg3 Nde5 22. Bg5 Qd7 23. h4 Rc4 24. c3 Bxf5 25. Nxf5 Rec8 26. Rac1 Rg4 27. Qh3 Qxa4 28. Nxd6 Rf8 29. Be3 Rxh4 30. Qg3 Rg4 31. Qh3 Qc6 32. Bc5 b6 33. Nxf7 Rxf7 34. Rxf7 Kxf7 35. Rf1+ Kg8 36. Bd4 Qe4 37. Qh5 Qxg2# 0-1

[Event "*** Titled Tuesday 3|2 Blitz"]
[Site "Chess.com"]
[Date "2015.10.06"]
[Round "6"]
[White "Zvonokchess"]
[Black "Konavets"]
[Result "1/2-1/2"]
[WhiteElo "2559"]
[BlackElo "2518"]
[TimeControl "180+2"]
[EndTime "12:13:44 PDT"]
[Termination "Game drawn by repetition"]

1. Nf3 b5 2. e4 a6 3. d4 Bb7 4.
Bd3 e6 5. O-O Nf6 6. e5 Nd5 7. c3 d6 8. Re1 Nd7 9. a4 Bc6 10. axb5 axb5 11. Rxa8 Qxa8 12. Na3 b4 13. Nb5 bxc3 14. bxc3 Bxb5 15. Bxb5 c6 16. Bc4 Nxc3 17. Qb3 Nd5 18. Bxd5 cxd5 19. Qb5 Qb8 20. Qa4 Qb7 21. Bf4 dxe5 22. Nxe5 Be7 23. Rc1 Bf6 24. Qa3 Be7 25.
Qa4 Bf6 26. Qa3 Be7 27. Qa4 Bf6 1/2-1/2

[Event "*** Titled Tuesday 3|2 Blitz"]
[Site "Chess.com"]
[Date "2015.10.06"]
[Round "6"]
[White "talaicito"]
[Black "3f32"]
[Result "0-1"]
[WhiteElo "1967"]
[BlackElo "2268"]
[TimeControl "180+2"]
[EndTime "12:13:58 PDT"]
[Termination "3f32 won by resignation"]

1. e4 e5 2. Nf3 Nc6 3. Bb5 a6 4. Ba4 Nf6 5. O-O Nxe4 6. d4 b5 7. Bb3 d5 8. dxe5 Be6 9. c3 Bc5 10. Nbd2 O-O 11. Bc2 Nxf2 12. Rxf2 f6 13. exf6 Bxf2+ 14.
Kxf2 Qxf6 15. Kg1 Rae8 16. Nb3 Ne5 17. Nbd4 Bg4 18. Bg5 Bxf3 19. Bxf6 Bxd1 20. Bxe5 Bxc2 21. Bxc7 Bd3 22. a4 bxa4 23. h3 Bb5 24. Rd1 Rf7 25. Bg3 Bc4 26. Ra1 Bb5 27. Bd6 Re3 28. Bc5 Rd3 29. Nf3 Rfxf3 30. gxf3 Rxf3 31. Kg2 Rd3 32. Ba3 Bc6 33. Kh2 Bd7 34. Kg2 Bxh3+ 35. Kf2 Bf5 36. Re1 Be4 37. Rg1 h5 38. Rg5 h4 39.
Rh5 h3 40. Kg1 Bg2 41. Kh2 Kf7 42. Rh4 Rd2 43. Bd6 g5 44. Rxa4 Rxb2 45. Rxa6 Bf1+ 46. Kg3 Bxa6 0-1

[Event "*** Titled Tuesday 3|2 Blitz"]
[Site "Chess.com"]
[Date "2015.10.06"]
[Round "6"]
[White "PowerThinking2650"]
[Black "Saitama_Hero"]
[Result "0-1"]
[WhiteElo "2080"]
[BlackElo "2150"]
[TimeControl "180+2"]
[EndTime "12:14:02 PDT"]
[Termination "Saitama_Hero won by resignation"]

1. e4 d6 2. d4 Nf6 3. Nc3 g6 4. f4 Bg7 5. Nf3 O-O 6. Bd3 Na6 7. O-O c5 8. d5 Rb8 9. Kh1 Bg4 10. h3 Bxf3 11.
Rxf3 Nd7 12. Bd2 Nc7 13. a4 Na6 14. Bc4 Nb4 15. Rb1 Nb6 16. Bf1 e6 17. dxe6 fxe6 18.
Nb5 a6 19. Nc3 Nc6 20. a5 Nxa5 21. b4 cxb4 22. Rxb4 Nc6 23. Rb1 Nd7 24. Bc4 Nc5 25. Be3 Qe7 26. Bxc5 dxc5 27. f5 Nd4 28. Bxe6+ Nxe6 29. Nd5 Qe8 30. fxe6 Qxe6 31. Rxf8+ Rxf8 32. Rxb7 Qxe4 33. c3 Be5 34. Ne7+ Kh8 35. Nd5 Qxd5 0-1

[Event "*** Titled Tuesday 3|2 Blitz"]
[Site "Chess.com"]
[Date "2015.10.06"]
[Round "6"]
[White "Makalexa"]
[Black "Nutflush"]
[Result "0-1"]
[WhiteElo "1801"]
[BlackElo "1943"]
[TimeControl "180+2"]
[EndTime "12:14:11 PDT"]
[Termination "Nutflush won by resignation"]

1. e4 c5 2. Nf3 Nc6 3. d4 cxd4 4. Nxd4 Nf6 5. Nc3 e5 6. Ndb5 d6 7. Bg5 a6 8. Na3 b5 9. Nd5 Be7 10. Bxf6 Bxf6 11. c4 Ne7 12. cxb5 O-O 13. Nxf6+ gxf6 14. Qd2 f5 15. Bd3 d5 16. Qg5+ Kh8 17. Qf6+ Kg8 18. exf5 e4 19. Qg5+ Kh8 20. Qf6+ Kg8 21. Qg5+ Kh8 22. f6 Nf5 23. Be2 Rg8 24. Qh5 Qxf6 25. g4 Nd4 26. Bd1 Nf3+ 27. Bxf3 Qxf3 28. Qe5+ Rg7 29.
Kd2 Qxf2+ 30. Kc3 Be6 31. Rac1 d4+ 32. Kb4 Qxb2+ 33. Kc5 Qxa3+ 34. Kb6 Qf8 35. Rc7 Qb8+ 36. Kc6 Qxb5+ 0-1

[Event "*** Titled Tuesday 3|2 Blitz"]
[Site "Chess.com"]
[Date "2015.10.06"]
[Round "6"]
[White "SenseiJulio"]
[Black "FairChess_on_YouTube"]
[Result "0-1"]
[WhiteElo "2600"]
[BlackElo "2723"]
[TimeControl "180+2"]
[EndTime "12:14:12 PDT"]
[Termination "FairChess_on_YouTube won by checkmate"]

1. d4 d5 2. c4 c6 3. Nf3 Nf6 4.
g3 dxc4 5. Bg2 Nbd7 6. O-O g6 7. a4 a5 8. Na3 Nb6 9. Ne5 Be6 10. e4 Bg7 11. Be3 O-O 12. Qe2 Ne8 13. Naxc4 Nxc4 14. Nxc4 Bxd4 15. Rfd1 c5 16. e5 Ng7 17. Bxd4 cxd4 18.
Rac1 Rc8 19. Bxb7 Rc5 20. b3 Qc7 21. Bg2 Rb8 22. Rxd4 Rxb3 23. Rcd1 Nf5 24. Rd8+ Kg7 25. Nd2 Rxe5 26. Ne4 Rb4 27. Qa6 Rbxe4 28. Bxe4 Rxe4 29. Qa8 Qe5 30. Rg8+ Kf6 31. Kg2 Re2 32. Qf3 Kg5 33. h4+ Kh6 34. Rd3 Qe4 35. Qxe4 Rxe4 36. Rf3 Rxa4 37.
Kh2 Bd5 38. Rd3 e6 39. f3 Ne7 40. Re8 Nc6 41. f4 Kg7 42. Rc8 Ra2+ 43. Kh3 Bg2+ 44. Kg4 f5+ 45. Kg5 h6# 0-1

[Event "*** Titled Tuesday 3|2 Blitz"]
[Site "Chess.com"]
[Date "2015.10.06"]
[Round "6"]
[White "HansCoolNiemann"]
[Black "AlexanderL"]
[Result "0-1"]
[WhiteElo "2070"]
[BlackElo "2556"]
[TimeControl "180+2"]
[EndTime "12:14:14 PDT"]
[Termination "AlexanderL won by resignation"]

1. d4 d5 2. c4 c6 3. Nf3 Nf6 4. Nc3 dxc4 5. a4 e6 6. e3 c5 7.
Bxc4 Nc6 8. O-O cxd4 9. exd4 Be7 10. Bg5 O-O 11. Qe2 Nd5 12. Bxe7 Ncxe7 13. Ne5 Nf6 14.
Rfd1 Qd6 15. Qf3 a6 16. Rac1 Rb8 17. Ne4 Nxe4 18. Qxe4 b5 19. axb5 axb5 20. Bd3 g6 21. Qh4 Bb7 22. Ng4 Nd5 23. Rc5 Qd8 24. Qg3 f5 25. Ne5 b4 26. Bc4 Kg7 27. Rc1 Rc8 28. Bb5 Rxc5 29. dxc5 f4 30. Qh3 f3 31. gxf3 Qg5+ 32. Qg3 Qxc1+ 33. Kg2 Nf4+ 34. Qxf4 Qxf4 35. c6 Qxe5 36. cxb7 Qxb5 37. b8=Q Qxb8 0-1

[Event "*** Titled Tuesday 3|2 Blitz"]
[Site "Chess.com"]
[Date "2015.10.06"]
[Round "6"]
[White "JustKid"]
[Black "IMRosen"]
[Result "0-1"]
[WhiteElo "2132"]
[BlackElo "2235"]
[TimeControl "180+2"]
[EndTime "12:14:18 PDT"]
[Termination "IMRosen won by resignation"]

1. d4 d5 2. c4 e6 3. Nf3 Nf6 4. g3 dxc4 5. Bg2 Bb4+ 6. Nbd2 b5 7. Qc2 Bb7 8. a4 c6 9. O-O O-O 10. e4 a5 11. e5 Nd5 12. Ne4 Nd7 13. Neg5 g6 14.
h4 Re8 15. h5 Bf8 16. Bh3 b4 17. Kg2 c5 18. Rh1 cxd4 19. hxg6 hxg6 20. Bxe6 Rxe6 21.
Nxe6 Qb6 22. Nxf8 Rxf8 23. Qd2 Ne3+ 24. fxe3 Nxe5 25. e4 Bxe4 26. Rf1 Nxf3 27. Rxf3 Re8 28. Qf4 Bxf3+ 29. Qxf3 d3 30. Bh6 Re2+ 31. Kh3 Qe6+ 32.
g4 Qe5 33. Bf4 Qh8+ 0-1

[Event "*** Titled Tuesday 3|2 Blitz"]
[Site "Chess.com"]
[Date "2015.10.06"]
[Round "6"]
[White "Trendle"]
[Black "Mugzyyy"]
[Result "1-0"]
[WhiteElo "2338"]
[BlackElo "2488"]
[TimeControl "180+2"]
[EndTime "12:14:19 PDT"]
[Termination "Trendle won by checkmate"]

1. e4 c5 2. Nc3 Nc6 3. Bb5 Nd4 4.
Bc4 Rb8 5. a4 a6 6. Nge2 b5 7.
axb5 axb5 8. Ba2 b4 9. Nd5 e6 10. Ne3 Nf6 11. e5 Ng8 12. O-O Ne7 13. Nxd4 cxd4 14.
Nc4 Ng6 15. d3 Be7 16. Qh5 O-O 17. f4 d5 18. exd6 Bxd6 19. Nxd6 Qxd6 20. Bd2 Bb7 21.
Bb3 Ne7 22. Qe5 Qxe5 23. fxe5 Bd5 24. Bg5 Ng6 25. Bxd5 exd5 26. Ra5 Rfc8 27. Rf2 Nf8 28. Rxd5 Ne6 29. Be7 b3 30. cxb3 Rxb3 31. Rd2 h5 32. g3 Rc1+ 33. Kg2 Re1 34. Ba3 Re3 35. Rd7 h4 36. Rf2 h3+ 37. Kxh3 Rexd3 38. Kg4 Re3 39. Rfxf7 Re4+ 40. Kf5 Rbe3 41. Kxe6 Rxe5+ 42. Kd6 d3 43. Rxg7+ Kf8 44. Kc6+ Ke8 45. Rg8# 1-0

[Event "*** Titled Tuesday 3|2 Blitz"]
[Site "Chess.com"]
[Date "2015.10.06"]
[Round "6"]
[White "Dlugy"]
[Black "Canonkasparov"]
[Result "0-1"]
[WhiteElo "2551"]
[BlackElo "2393"]
[TimeControl "180+2"]
[EndTime "12:14:31 PDT"]
[Termination "Canonkasparov won by checkmate"]

1. d4 Nf6 2. Bf4 d5 3. e3 c5 4. dxc5 Nc6 5. Bb5 g6 6. Nf3 Bg7 7. O-O O-O 8. Bxc6 bxc6 9. Be5 Ba6 10. Re1 Ne4 11. Bxg7 Kxg7 12. b4 Rb8 13. a3 f6 14.
Nfd2 Ng5 15. Nf3 Ne4 16. Nd4 Qd7 17. f3 Ng5 18. Nd2 e5 19. N4b3 Rbd8 20. c3 h5 21. f4 Nf7 22. Nf3 Rde8 23. Qd2 Qc7 24. Na5 Nh6 25. h3 Nf5 26. fxe5 fxe5 27. Rad1 Ng3 28.
c4 Ne4 29. Qc2 Bc8 30. cxd5 cxd5 31. Rxd5 Bf5 32. Nh4 Qe7 33. Nxf5+ gxf5 34. Red1 Qh4 35. Nc4 Qg3 36. c6 Re6 37. Rd7+ Kh6 38. c7 Rc8 39. b5 Rg6 40. Nd6 Qxe3+ 41. Kh1 Nf2+ 42. Kg1 Nxd1+ 43. Kh1 Nf2+ 44. Kh2 Qg3+ 45. Kg1 Qxg2# 0-1

[Event "*** Titled Tuesday 3|2 Blitz"]
[Site "Chess.com"]
[Date "2015.10.06"]
[Round "6"]
[White "Bab3s"]
[Black "HubertKnott"]
[Result "1-0"]
[WhiteElo "2117"]
[BlackElo "1997"]
[TimeControl "180+2"]
[EndTime "12:14:31 PDT"]
[Termination "Bab3s won by checkmate"]

1. e4 e5 2. Nf3 Nc6 3. d4 exd4 4.
Bc4 Bc5 5. c3 Nf6 6. cxd4 Bb4+ 7. Bd2 Bxd2+ 8. Nbxd2 d5 9. exd5 Nxd5 10. O-O O-O 11. h3 Nf4 12. Ne4 Nd5 13. Rc1 h6 14. a3 Be6 15. Nc5 Bc8 16. Qb3 Na5 17. Qa4 Nxc4 18. Qxc4 c6 19. b4 Qb6 20. Rfe1 a5 21.
Rb1 axb4 22. axb4 Ra3 23. b5 Rc3 24. Qa2 Bf5 25. Rb2 Qd8 26. Nxb7 Qb6 27. Nc5 Rxc5 28. dxc5 Qxc5 29. bxc6 Qxc6 30. Rd2 Nf4 31. Qb3 Rc8 32.
Qe3 Ne6 33. Nd4 Nxd4 34. Qxd4 Qg6 35. Re3 Qc6 36. Rg3 Qc1+ 37. Kh2 Qc7 38. Qxg7# 1-0

[Event "*** Titled Tuesday 3|2 Blitz"]
[Site "Chess.com"]
[Date "2015.10.06"]
[Round "6"]
[White "Goala"]
[Black "BIG_Pirate"]
[Result "0-1"]
[WhiteElo "2146"]
[BlackElo "2272"]
[TimeControl "180+2"]
[EndTime "12:14:39 PDT"]
[Termination "BIG_Pirate won on time"]

1. d4 Nf6 2. c4 e6 3. Nf3 b6 4. g3 Ba6 5. Qa4 Bb7 6. Bg2 c5 7. dxc5 bxc5 8. O-O Be7 9. Nc3 O-O 10. Rd1 Qb6 11. Bf4 d6 12. Rab1 e5 13. Bg5 Bc6 14. Qc2 Nbd7 15. a3 a5 16. b3 h6 17.
Be3 Ng4 18. Bc1 Ngf6 19. h3 Rfd8 20. Be3 Qb7 21. Nh4 Bxg2 22. Nxg2 Nf8 23. Nh4 Ne6 24.
Nb5 Nd4 25. Bxd4 cxd4 26. Qd3 d5 27. Nf5 Bf8 28. a4 g6 29. Nh4 Rac8 30. Rbc1 Bc5 31. cxd5 Qxd5 32. Nxg6 e4 33. Qd2 fxg6 34. Qxh6 Kf7 35.
Qf4 Qf5 36. Qd2 Qxh3 37. Qxa5 Rh8 0-1

[Event "*** Titled Tuesday 3|2 Blitz"]
[Site "Chess.com"]
[Date "2015.10.06"]
[Round "6"]
[White "Rating-Schmating"]
[Black "ruifeng"]
[Result "1/2-1/2"]
[WhiteElo "1973"]
[BlackElo "2109"]
[TimeControl "180+2"]
[EndTime "12:14:54 PDT"]
[Termination "Game drawn - insufficient material"]

1. e4 e6 2. d4 d5 3. e5 c5 4. Nf3 Nc6 5. Bd3 Nge7 6. O-O c4 7. Be2 Nf5 8. b3 cxb3 9. axb3 Be7 10. Ba3 O-O 11.
Bxe7 Qxe7 12. Bd3 Bd7 13. Nc3 g6 14. Bxf5 gxf5 15. Nb5 Nxe5 16. Nxe5 Bxb5 17. Re1 Kh8 18. c4 Bc6 19. Qh5 dxc4 20. bxc4 Qf6 21. Re3 f4 22. Rh3 Qg7 23. f3 Rad8 24. Rd1 a5 25. Qh4 a4 26.
Qxf4 a3 27. Ra1 f6 28. Nxc6 bxc6 29. Rxa3 f5 30. Qe5 Rxd4 31. Qxg7+ Kxg7 32. Ra7+ Rf7 33.
Rxh7+ Kxh7 34. Rxf7+ Kg6 35. Re7 Kf6 36. Rc7 Rxc4 37.
Kf2 Rc2+ 38. Kg3 e5 39. h4 Kg6 40. Re7 Kf6 41. Re8 c5 42. h5 Kg5 43. Rxe5 c4 44. h6 Rc1 45. h7 Rh1 46. Rc5 Rxh7 47. Rxc4 Rd7 48. Rc8 Rg7 49. Rc6 f4+ 50. Kf2 Rf7 51. Rc5+ Kh4 52. Rd5 Rf6 53. Rd4 Kg5 54. g3 fxg3+ 55.
Kxg3 Rf5 56. f4+ Kg6 57. Kg4 Ra5 58. Rd6+ Kf7 59. f5 Ra1 60. Kf4 Rf1+ 61. Kg4 Rg1+ 62. Kh3 Rf1 63. Rd5 Kf6 64. Kg4 Rg1+ 65. Kf3 Rf1+ 66.
Ke4 Re1+ 67. Kd3 Rd1+ 68. Ke4 Rxd5 69. Kxd5 Kxf5 1/2-1/2

[Event "*** Titled Tuesday 3|2 Blitz"]
[Site "Chess.com"]
[Date "2015.10.06"]
[Round "6"]
[White "oggy1984"]
[Black "LADIESGET2KNOWME"]
[Result "0-1"]
[WhiteElo "2368"]
[BlackElo "2270"]
[TimeControl "180+2"]
[EndTime "12:14:55 PDT"]
[Termination "LADIESGET2KNOWME won by resignation"]

1. d4 Nf6 2. c4 g6 3. Nc3 Bg7 4. e4 d6 5. f3 O-O 6. Be3 e5 7.
Nge2 exd4 8. Nxd4 Re8 9. Qd2 c6 10. Be2 d5 11. exd5 cxd5 12. c5 Bf8 13. Nc2 Nc6 14.
O-O-O Qa5 15. Kb1 Bf5 16. Bd3 Bxd3 17. Qxd3 Bxc5 18. Bxc5 Qxc5 19. Nxd5 Nxd5 20. Qxd5 Qxd5 21. Rxd5 Re2 22. Rd7 Rc8 23. Na3 Na5 24. g4 Rf2 25. Rd3 Re8 26. Nc2 Ree2 27. Rc1 Rxh2 28. Rd8+ Kg7 29.
Rb8 Ref2 30. b4 Nc4 31. Rxb7 Rxc2 32. Rxc2 Na3+ 33. Ka1 Nxc2+ 34. Kb1 Na3+ 35. Ka1 h5 36. gxh5 gxh5 37. Rxa7 Nc2+ 38. Kb1 Nxb4 39. a4 h4 40. Rb7 Nc6 41. Rb6 Na5 42. Rb5 Nc4 43. Rc5 Na3+ 44. Ka1 h3 45. a5 Rg2 46. Rh5 h2 47. a6 Rg1+ 48. Ka2 h1=Q 49. Rxh1 Rxh1 50. a7 Rh8 0-1

[Event "*** Titled Tuesday 3|2 Blitz"]
[Site "Chess.com"]
[Date "2015.10.06"]
[Round "6"]
[White "EltajSafarli"]
[Black "1stSecond"]
[Result "0-1"]
[WhiteElo "2602"]
[BlackElo "2410"]
[TimeControl "180+2"]
[EndTime "12:14:59 PDT"]
[Termination "1stSecond won by resignation"]

1. e4 e5 2. Nf3 Nc6 3. Bb5 a6 4. Ba4 Nge7 5. Nc3 g6 6. d4 exd4 7. Nd5 Bg7 8. Bg5 h6 9. Bf6 Kf8 10. Qd2 Bxf6 11. Nxf6 Nf5 12. Nd5 Nh4 13. Nxh4 Qxh4 14. O-O-O b5 15. Bb3 d6 16. Nxc7 Ra7 17. Nd5 Be6 18. g3 Qxe4 19. Rhe1 Qf3 20. Nf4 Bxb3 21.
axb3 Kg7 22. Kb1 g5 23. Nd3 a5 24. Qe2 Qf6 25. Qe4 Rc8 26. f4 a4 27. fxg5 hxg5 28. Rf1 Qe6 29. Qf5 Qxf5 30. Rxf5 axb3 31. cxb3 f6 32. Rc1 Rac7 33. Rxb5 Ne5 34. Rxc7+ Rxc7 35. Nb4 Kf7 36. Rd5 Rb7 37. Rxd4 Nf3 38. Rc4 Nd2+ 39.
Kc2 Nxc4 40. Nc6 Ne3+ 41. Kd2 Rc7 42. Nd4 Nf1+ 43. Kd3 Nxh2 44. b4 Nf1 45. g4 Nh2 46. b5 Nxg4 47. Ke4 Ne5 48. Kd5 Nd3 49. Kxd6 Rc4 50.
Nc6 Ne5 51. Na5 Rb4 52. Kc5 Rxb2 53. b6 Nd7+ 54. Kd4 Nxb6 0-1

[Event "*** Titled Tuesday 3|2 Blitz"]
[Site "Chess.com"]
[Date "2015.10.06"]
[Round "6"]
[White "gmjlh"]
[Black "kpio91"]
[Result "1/2-1/2"]
[WhiteElo "2624"]
[BlackElo "2516"]
[TimeControl "180+2"]
[EndTime "12:15:01 PDT"]
[Termination "Game drawn by agreement"]

1. e4 c5 2. Nf3 Nc6 3. Bb5 e5 4. O-O Bd6 5. Re1 Nge7 6. a4 O-O 7. Na3 Bc7 8. c3 a6 9. Bf1 d5 10. d3 b5 11. Bd2 Rb8 12. exd5 Nxd5 13. axb5 axb5 14. c4 bxc4 15. Nxc4 Bg4 16. h3 Bxf3 17. Qxf3 Nd4 18. Qd1 Nb4 19. Rc1 Re8 20. Bc3 Qg5 21. g3 Rbd8 22. Bg2 f5 23. h4 Qg6 24. Bxb4 cxb4 25.
Ne3 Bb8 26. Nd5 Qf7 27. Qa4 b3 28. Rc4 Rf8 29. Rxd4 exd4 30. Re7 Qg6 31. Qxb3 Kh8 32. Bf3 f4 33. g4 Rfe8 34. g5 h6 35. Be4 Qh5 36. Qb7 Qg4+ 37. Kf1 Qd1+ 38. Kg2 Qg4+ 39. Kf1 Rxe7 40. Nxe7 Qd1+ 41. Kg2 Qg4+ 42. Kf1 Qd1+ 43. Kg2 1/2-1/2

[Event "*** Titled Tuesday 3|2 Blitz"]
[Site "Chess.com"]
[Date "2015.10.06"]
[Round "6"]
[White "ilmago"]
[Black "stefanodinn"]
[Result "0-1"]
[WhiteElo "1842"]
[BlackElo "2123"]
[TimeControl "180+2"]
[EndTime "12:15:08 PDT"]
[Termination "stefanodinn won by resignation"]

1. e4 c5 2. Nf3 d6 3. d4 cxd4 4. Qxd4 Nf6 5. e5 Nc6 6. Bb5 Qa5+ 7.
Nc3 Qxb5 8. Nxb5 Nxd4 9. Nbxd4 dxe5 10. Nxe5 a6 11. Nc4 Nd5 12. Bd2 e6 13. O-O-O Bc5 14. Ba5 b5 15. Ne5 Bb7 16. Rhf1 Rc8 17. Nb3 Bd6 18.
Rfe1 Ke7 19. Rd3 f6 20. Nf3 Rhe8 21. Nbd4 Kf7 22. Kb1 Bb8 23. g3 e5 24. Nf5 e4 25.
Rxd5 Bxd5 26. N3d4 g6 27. Ne3 Bb7 28. Bc3 Ba7 29. h4 b4 30. Bxb4 Bxd4 31. c3 Bc5 32. Ba5 Bxe3 33. Rxe3 f5 34. Bb6 Re6 35. Bd4 Rd8 36.
b4 Bd5 37. a4 h6 38. b5 axb5 39. axb5 Rb8 40. b6 Rexb6+ 41. Bxb6 Rxb6+ 42. Kc2 Ke6 43. Re1 Ra6 44. Rb1 Ra2+ 45. Kd1 Rxf2 46. Rb6+ Kf7 47.
Rd6 Be6 48. Ra6 Rg2 49. Ra7+ Kf6 0-1

[Event "*** Titled Tuesday 3|2 Blitz"]
[Site "Chess.com"]
[Date "2015.10.06"]
[Round "6"]
[White "Keranke"]
[Black "Iball95"]
[Result "1-0"]
[WhiteElo "2580"]
[BlackElo "2350"]
[TimeControl "180+2"]
[EndTime "12:15:11 PDT"]
[Termination "Keranke won on time"]

1. c4 c6 2. g3 d5 3. Bg2 Nf6 4.
Nf3 Bf5 5. cxd5 cxd5 6. Qb3 Qb6 7. Qxb6 axb6 8. Nc3 e6 9. Nb5 Na6 10. d3 Bb4+ 11. Bd2 Ke7 12. a3 Bxd2+ 13. Kxd2 Nc5 14. Nfd4 Bg6 15. b4 Ncd7 16. f4 Rhc8 17. Rhc1 h6 18. e3 Ne8 19. g4 Nd6 20. Nc7 Rab8 21. f5 Bh7 22. fxe6 fxe6 23. Ncxe6 Ne5 24. Nf4 Nxg4 25. Nxd5+ Kf8 26. Nxb6 Rxc1 27. Rxc1 Re8 28. e4 Bg8 29. Bh3 Nf6 30. Rc7 g5 31. Nf5 Nxf5 32. Bxf5 Re7 33.
Rxe7 Kxe7 34. e5 Nh5 35. d4 Nf4 36. Be4 Ne6 37. Ke3 Nd8 38. d5 h5 39. d6+ Ke8 40. Bg6+ Kf8 41. Bxh5 Nc6 42. Ke4 Bh7+ 43. Kd5 Bc2 44.
Nd7+ Kg7 45. Nc5 Nd8 46. e6 b6 47. e7 1-0

[Event "*** Titled Tuesday 3|2 Blitz"]
[Site "Chess.com"]
[Date "2015.10.06"]
[Round "6"]
[White "pKiLz5Rn9b"]
[Black "facu57"]
[Result "0-1"]
[WhiteElo "2396"]
[BlackElo "2487"]
[TimeControl "180+2"]
[EndTime "12:15:12 PDT"]
[Termination "facu57 won by resignation"]

1. e4 e5 2. Nf3 Nc6 3. Bc4 Nf6 4. d3 Be7 5. O-O O-O 6. Re1 d6 7. a4 Be6 8. Nc3 Nd7 9. Nd5 Nb6 10. b3 Nxc4 11. bxc4 h6 12. Be3 f5 13. exf5 Bxf5 14. Nd2 Bg5 15. Ne4 Bxe3 16. Rxe3 Rf7 17. Qd2 Qh4 18. Rae1 Raf8 19. f3 Nd4 20. c3 Ne6 21. Qf2 Qd8 22. Qg3 c6 23. Nb4 Nf4 24. d4 Bxe4 25.
Rxe4 Rf6 26. Qh4 a5 27. Nc2 d5 28. cxd5 cxd5 29. R4e3 Nxg2 30. Kxg2 Rg6+ 31. Qg3 Rxg3+ 32. hxg3 e4 33. fxe4 dxe4 34. Rxe4 Qd5 35. Re3 Re8 36. Kf3 Qf5+ 37. Rf4 Qd5+ 38. Kf2 Rxe3 39. Nxe3 Qa2+ 40. Kf3 Qxa4 41. d5 Qd7 42. Rd4 a4 43. c4 a3 44.
d6 a2 45. Nc2 Qf5+ 46. Ke3 Qxc2 47. d7 Qc3+ 48. Rd3 Qe5+ 49. Kd2 Qg5+ 50. Kc2 a1=Q 0-1

[Event "*** Titled Tuesday 3|2 Blitz"]
[Site "Chess.com"]
[Date "2015.10.06"]
[Round "6"]
[White "ChessTrener"]
[Black "ItalianMachine"]
[Result "1-0"]
[WhiteElo "2483"]
[BlackElo "2222"]
[TimeControl "180+2"]
[EndTime "12:15:15 PDT"]
[Termination "ChessTrener won by resignation"]

1. e4 e5 2. Nf3 Nc6 3. Bb5 a6 4. Bxc6 dxc6 5. Nc3 f6 6. d4 exd4 7. Qxd4 Qxd4 8. Nxd4 Bc5 9. Be3 Ba7 10. O-O-O Ne7 11. Rhe1 Bd7 12. Nf5 Nxf5 13. exf5 Kd8 14.
Bxa7 Rxa7 15. Ne4 b6 16. g4 Kc8 17. Rd3 c5 18. Nc3 Re8 19. Rxe8+ Bxe8 20. Nd5 Kb7 21. Re3 Bc6 22. Nf4 Ra8 23. Re7 Bf3 24. Rxg7 Rd8 25. b3 Rd1+ 26. Kb2 Rg1 27. h3 Rf1 28.
Nd3 h5 29. gxh5 Bxh5 30. Nf4 Bf3 31. Ne6 Rxf2 32. Rxc7+ Kb8 33. Re7 Bd1 34. Nf8 Bxc2 35. Nd7+ Kc7 36. Nxf6+ Kc6 37. Re6+ Kb5 38. Ng4 Rd2 39.
Kc3 Bxf5 40. Rxb6+ Kxb6 41. Kxd2 Bb1 42. Kc3 Bf5 43.
Nf2 Kc6 44. h4 Kd5 45. Nd3 Bg4 46. h5 Kd6 47. h6 Bf5 48. a4 a5 49. Nb2 Kc6 50. Nc4 Kd5 51. Ne3+ 1-0